 Dungeon Crawl Stone Soup version 0.27.0-1-g7a089689b8 (webtiles) character file.

Game seed: 14841267766319765135

25036 Brandom the Tainter (level 13, 0/79 HPs)
             Began as a Vine Stalker Venom Mage on Aug 8, 2021.
             Was a High Priest of Ashenzari.
             Slain by an entropy weaver simulacrum (36 damage)
             ... in an ice cave.
             The game lasted 01:12:38 (15890 turns).

Brandom the Tainter (Vine Stalker Venom Mage)      Turns: 15890, Time: 01:12:39

Health: 0/79       AC: 17    Str: 12    XL:     13   Next: 17%
Magic:  0/42       EV: 17    Int: 18    God:    Ashenzari [*****.]
Gold:   339        SH:  6    Dex: 18    Spells: 19/42 levels left

rFire    + . .     SeeInvis +   v - +1 war axe "Chagrin of Ashenzari" {flame, Elem, Bglg} (curse)
rCold    . . .     Faith    .   y - +0 buckler of Ashenzari's Ordeal {Evo, Comp} (curse)
rNeg     . . .     Spirit   +   B - +0 swamp dragon scales of the Unyielding Gaze {rPois, Fort, Self} (curse)
rPois    +         Reflect  .   o - +2 helmet of the Astrological Stars {Alch, Cun} (curse)
rElec    .         Harm     .   r - +0 cloak of the Shattered Chagrin {Self, Range} (curse)
rCorr    .         Rampage  .   (no gloves)
Will     +....     Clarity  +   q - +0 pair of boots "Visionary of the Cosmos" {Cun, Self} (curse)
Stlth    +++.......             Q - amulet of Ashenzari's Black Moon {Regen+, Elem, Self} (curse)
HPRegen  2.23/turn              l - ring "Eternal Portent" {AC+4, Elem, Range} (curse)
MPRegen  0.28/turn              t - ring of Desmomancy {MP+9, Comp, Elem} (curse)

@: mighty, very slightly contaminated, hasted, very quick
A: fangs 3, regeneration 1, magic shield, antimagic bite, no potion heal 2,
agile 1, fire resistance 1
a: Renounce Religion, Curse Item, Shatter the Chains


You were in an ice cave.
You worshipped Ashenzari.
Ashenzari was extremely pleased with you.
You visited 2 branches of the dungeon, and saw 15 of its levels.
You also visited: Ice Cave.

You collected 595 gold pieces.
You spent 256 gold pieces at shops.

Inventory:

Hand Weapons
 c - a +0 dagger
   (You found it on level 1 of the Dungeon)
 v - the cursed +1 war axe "Chagrin of Ashenzari" (weapon) {flame, Elem, Bglg}
   (You found it on level 2 of the Dungeon)

   It burns those it strikes, dealing additional fire damage.
   Big, fiery blades are also staple armaments of hydra-hunters.
   It has a curse which improves the following skills: Elements: Fire Magic, Ice
   Magic, Air Magic and Earth Magic.
   Beguiling: Conjurations, Hexes and Translocations.
Missiles
 C - 2 curare-tipped darts (quivered) {!f}
Armour
 a - a +0 robe
 o - the cursed +2 helmet of the Astrological Stars (worn) {Alch, Cun}
   (You took it off Robin on level 4 of the Dungeon)

   It has a curse which improves the following skills: Alchemy: Poison Magic and
   Transmutations.
   Cunning:   Dodging and Stealth.
 q - the cursed +0 pair of boots "Visionary of the Cosmos" (worn) {Cun, Self}
   (You found it on level 4 of the Dungeon)

   It has a curse which improves the following skills: Cunning: Dodging and
   Stealth.
   Introspection: Fighting and Spellcasting.
 r - the cursed +0 cloak of the Shattered Chagrin (worn) {Self, Range}
   (You took it off Crazy Yiuf on level 4 of the Dungeon)

   It has a curse which improves the following skills: Introspection: Fighting
   and Spellcasting.
   Ranged Combat: Slings, Bows, Crossbows and Throwing.
 u - a +2 robe of positive energy
   (You took it off an orc wizard on level 5 of the Dungeon)
 y - the cursed +0 buckler of Ashenzari's Ordeal (worn) {Evo, Comp}
   (You found it on level 6 of the Dungeon)

   It has a curse which improves the following skills: Evocations: Evocations.
   Companions: Summonings and Necromancy.
 B - the cursed +0 swamp dragon scales of the Unyielding Gaze (worn) {rPois, Fort, Self}
   (You took it off Maggie on level 8 of the Dungeon)

   rPois:     It protects you from poison.
   It has a curse which improves the following skills: Fortitude: Armour and
   Shields.
   Introspection: Fighting and Spellcasting.
 D - the +1 helmet of Jusat {Will+}
   (You bought it in a shop on level 8 of the Dungeon)

   Will:      It increases your willpower.
Jewellery
 e - an amulet of magic regeneration
   (You found it on level 3 of the Lair of Beasts)
 h - a ring of willpower
   (You found it on level 3 of the Dungeon)
 l - the cursed ring "Eternal Portent" (left hand) {AC+4, Elem, Range}
   (You found it on level 3 of the Dungeon)

   [ring of protection]

   AC:        It affects your AC (+4).
   It has a curse which improves the following skills: Elements: Fire Magic, Ice
   Magic, Air Magic and Earth Magic.
   Ranged Combat: Slings, Bows, Crossbows and Throwing.
 t - the cursed ring of Desmomancy (right hand) {MP+9, Comp, Elem}
   (You found it on level 5 of the Dungeon)

   [ring of magical power]

   MP:        It affects your magic capacity (+9).
   It has a curse which improves the following skills: Companions: Summonings
   and Necromancy.
   Elements:  Fire Magic, Ice Magic, Air Magic and Earth Magic.
 F - a +6 ring of strength
   (You found it on level 10 of the Dungeon)
 I - a ring of poison resistance
   (You found it on level 11 of the Dungeon)
 P - a ring of positive energy
   (You found it on level 3 of the Lair of Beasts)
 Q - the cursed amulet of Ashenzari's Black Moon (around neck) {Regen+, Elem, Self}
   (You found it on level 5 of the Dungeon)

   [amulet of regeneration]

   Regen:     It increases your rate of health regeneration.
   It has a curse which improves the following skills: Elements: Fire Magic, Ice
   Magic, Air Magic and Earth Magic.
   Introspection: Fighting and Spellcasting.
Wands
 p - a wand of polymorph (3)
   (You took it off an orc priest on level 4 of the Dungeon)
 x - a wand of acid (7)
   (You found it on level 11 of the Dungeon)
 E - a wand of charming (2)
   (You found it on level 10 of the Dungeon)
Scrolls
 d - 11 scrolls of identify {@r1}
 f - 2 scrolls of vulnerability {!r}
 g - 4 scrolls of immolation {!r}
 i - 4 scrolls of noise {!r}
 k - 2 scrolls of magic mapping
 m - a scroll of fog
 z - 5 scrolls of teleportation {@r4}
 K - a scroll of brand weapon
Potions
 b - a potion of cancellation
 j - 4 potions of haste {@q3}
 n - 8 potions of curing {@q1}
 s - 4 potions of might
 A - 4 potions of flight
 G - a potion of brilliance
 H - a potion of mutation {!q}
 L - a potion of ambrosia
 N - 2 potions of resistance
 O - a potion of berserk rage
Miscellaneous
 J - a condenser vane
   (You found it on level 1 of the Lair of Beasts)


   Skills:
 + Level 8.1(14.2) Fighting
 + Level 1.3(3.1) Armour
 + Level 7.6(11.6) Dodging
 - Level 2.4(5.6) Stealth
 - Level 3.4(5.8) Shields
 + Level 9.2(15.2) Spellcasting
 + Level 0.0(0.4) Conjurations
 + Level 0.6(2.4) Summonings
 + Level 8.3(12.2) Necromancy
 - Level 1.0(2.5) Transmutations
 + Level 3.1(8.4) Air Magic
 + Level 8.3(14.4) Earth Magic
 + Level 9.5(12.0) Poison Magic


You had 19 spell levels left.
You knew the following spells:

 Your Spells              Type           Power      Damage    Failure   Level
a - Sting                 Tmut/Pois      100%       1d8       1%          1
b - Poisonous Vapours     Pois/Air       100%       N/A       1%          2
c - Borgnjor's Vile Clut  Necr/Erth      29%        N/A       1%          5
d - Mephitic Cloud        Conj/Pois/Air  38%        N/A       1%          3
e - Olgreb's Toxic Radia  Pois           54%        N/A       1%          4
f - Animate Dead          Necr           27%        N/A       1%          4
z - Summon Lightning Spi  Summ/Air       33%        N/A       11%         4

Your spell library contained the following spells:

 Spells                   Type           Power      Damage    Failure   Level
 Airstrike                Air            22%        N/A       3%          4
 Magic Dart               Conj           60%        1d6       9%          1
 Death Channel            Necr           27%        N/A       10%         6
 Searing Ray              Conj           30%        3d4       13%         2
 Lightning Bolt           Conj/Air       14%        1d28      41%         5
 Fulminant Prism          Conj/Hex       7%         3d7       63%         4
 Summon Forest            Summ/Tloc      9%         N/A       83%         5
 Summon Mana Viper        Hex/Summ       18%        N/A       83%         5
 Shadow Creatures         Summ           N/A        N/A       99%         6


Dungeon Overview and Level Annotations

Branches:
Dungeon (11/15)            Temple (0/1) D:4            Lair (4/6) D:8
  Swamp (0/4) Lair:4        Snake (0/4) Lair:3        IceCv (1/1)
    Orc: D:9-12

Altars:
Ashenzari
Fedhas
Hepliaklqana
Kikubaaqudgha
Qazlal
Ru
Sif Muna
Trog
Uskayaw
Wu Jian
Yredelemnul
Zin
The Shining One

Shops:
D:5 :   D:8 [

Annotations:
IceCv exclusion: ice statue


Innate Abilities, Weirdness & Mutations

You have razor-sharp teeth.
Your natural rate of healing is unusually fast.
When hurt, damage is shared between your health and your magic reserves.
Your bite disrupts and absorbs the magic of your enemies.
Potions cannot restore your health.
You are agile. (Dex +2)
Your flesh is heat resistant. (rF+)


Message History

An electric hum fills the air.
The quicksilver ooze hits you!!
The quicksilver ooze hits you but does no damage.
The quicksilver ooze barely misses you.
The quicksilver ooze hits you but does no damage.
The quicksilver ooze hits you. The quicksilver ooze engulfs you!
You block the quicksilver ooze's attack.
The quicksilver ooze completely misses you.
You block the quicksilver ooze's attack.
Unknown command.
You slip free of the ooze engulfing you.
You gasp with relief as air once again reaches your lungs.
The quicksilver ooze hits you. The quicksilver ooze misses you.
You miscast Summon Lightning Spire.
You are very lightly contaminated with residual magic.
Nothing appears to happen.
The quicksilver ooze hits you!! The quicksilver ooze engulfs you!
The quicksilver ooze hits you!
You feel your power leaking away.
Unknown command.
You cannot cast spells while unable to breathe!
You cannot cast spells while unable to breathe!
Unknown command.
You slip free of the ooze engulfing you.
You gasp with relief as air once again reaches your lungs.
The quicksilver ooze hits you. The quicksilver ooze engulfs you!
The quicksilver ooze barely misses you.
Okay, then.
You cannot read scrolls while unable to breathe!
Unknown command.
You feel yourself speed up.
Your lungs strain for air!
The quicksilver ooze hits you.
The quicksilver ooze hits you but does no damage.
You feel very mighty all of a sudden.
Your lungs strain for air!
The quicksilver ooze hits you!
* * * LOW HITPOINT WARNING * * *
The quicksilver ooze hits you but does no damage.
You slash the quicksilver ooze! You burn the quicksilver ooze.
You bite the quicksilver ooze.
You kill the quicksilver ooze!
You gasp with relief as air once again reaches your lungs.
You completely miss the entropy weaver simulacrum.
You block the entropy weaver simulacrum's attack.
The entropy weaver simulacrum closely misses you.
The entropy weaver simulacrum misses you.
The entropy weaver simulacrum hits you.
* * * LOW HITPOINT WARNING * * *
The entropy weaver simulacrum freezes you!!!
You die...

* { , ,...##########Z. ,,, *
* , ..######Z....8.. * *
####8..............######
###.......#################
#.......###################
* **
##....########.........####
*, ,
,*##....#######...........##
{
,,.###....###.....###......#
,,, *
...##....@....######.....# ,
,{
**Z...####Z...###$).###....#
*, , ,*
....########..:(##.....## **
,,
,**#......##8....##.....###
* {,,
##**.......####...###### **,
...###...####....####### ***
....#####.....######### *
#.........#########
####...##########


You could see an ice statue (unaware) and an entropy weaver simulacrum.

Vanquished Creatures
  2 quicksilver oozes (IceCv)
  Fannar (D:11)
  3 hydras
  A two-headed ogre (D:9)
  A centaur warrior (D:10)
  A lindwurm (Lair:2)
  9 cane toads
  A gargoyle (D:11)
  Maggie (D:8)
  2 rime drakes
  4 komodo dragons
  2 kobold demonologists (D:10)
  An entropy weaver simulacrum (IceCv)
  2 ice devils (Lair:4)
  A troll (D:10)
  A polar bear (Lair:1)
  4 blink frogs (Lair:1)
  A meliai zombie (D:11)
  39 yaks
  2 basilisks
  A wraith (D:10)
  2 wyverns (Lair:3)
  2 steam dragons
  An acid dragon (D:10)
  A demonic crawler simulacrum (IceCv)
  3 water moccasins
  4 orc warriors
  3 ice beasts
  A black bear (Lair:1)
  4 necrophages (D:5)
  6 wolves
  3 ogres (D:6)
  A tengu (D:5)
  4 centaurs
  2 phantoms
  5 kobold brigands
  7 bullfrogs
  A scorpion (D:6)
  2 glowing shapeshifter simulacra (IceCv)
  2 gnoll sergeants
  4 killer bees (D:8)
  3 howler monkeys
  2 electric eels (Lair:2)
  2 centaur zombies
  7 orc priests
  A hound (D:6)
  2 jellies
  Crazy Yiuf (D:4)
  3 gnoll shamans
  5 iguanas
  10 orc wizards
  2 killer bee zombies
  Robin (D:4)
  29 gnolls
  9 adders
  A shadow imp (D:7)
  2 white imps
  A worm (D:4)
  2 dart slugs
  16 orcs
  5 ball pythons
  10 endoplasms
  2 giant cockroaches (D:1)
  4 hobgoblins
  14 jackals
  32 kobolds
  A quokka (D:1)
  7 bats
  4 frilled lizards
  16 goblins
  3 rats
  A bush (D:5)
336 creatures vanquished.

Vanquished Creatures (collateral kills)
  A demonic crawler simulacrum (IceCv)
1 creature vanquished.

Vanquished Creatures (others)
  A wizard (D:9)
  2 fungi
  17 plants
  3 withered plants (D:7)
23 creatures vanquished.

Grand Total: 360 creatures vanquished

Notes
Turn   | Place    | Note
-------+----------+-------------------------------------------
     0 | D:1      | Brandom the Vine Stalker Venom Mage began the quest for the
                  | Orb.
     0 | D:1      | Reached XP level 1. HP: 9/9 MP: 4/4
   445 | D:1      | Reached XP level 2. HP: 14/14 MP: 6/6
   480 | D:1      | Found a faded altar of an unknown god.
  1122 | D:1      | Learned a level 2 spell: Poisonous Vapours
  1331 | D:1      | Reached XP level 3. HP: 12/17 MP: 4/7
  1632 | D:1      | Reached skill level 1 in Fighting
  1814 | D:2      | Learned a level 3 spell: Mephitic Cloud
  2151 | D:2      | Gained mutation: Your natural rate of healing is unusually
                  | fast. [Vine Stalker growth]
  2151 | D:2      | Reached XP level 4. HP: 16/22 MP: 3/9
  2427 | D:2      | Reached skill level 1 in Air Magic
  2634 | D:2      | Reached XP level 5. HP: 19/25 MP: 4/10
  3152 | D:3      | Found a broken altar of Ashenzari.
  3164 | D:3      | Became a worshipper of Ashenzari the Shackled
  3919 | D:4      | Found a glowing golden altar of the Shining One.
  3939 | D:4      | Found a basalt altar of Yredelemnul.
  3941 | D:4      | Noticed a profane servitor
  3966 | D:4      | Noticed a phantom
  4154 | D:4      | Reached XP level 6. HP: 26/30 MP: 8/12
  4278 | D:4      | Noticed Robin
  4397 | D:4      | Killed Robin
  4634 | D:4      | Learned a level 5 spell: Borgnjor's Vile Clutch
  4704 | D:4      | Found a staircase to the Ecumenical Temple.
  5011 | D:4      | Found a runed translucent door.
  5012 | D:4      | Noticed Crazy Yiuf
  5070 | D:4      | Noticed an angel
  5137 | D:4      | Killed Crazy Yiuf
  5138 | D:4      | Reached XP level 7. HP: 27/35 MP: 5/13
  5225 | D:5      | Entered Level 5 of the Dungeon
  5435 | D:5      | Found Doyzxa's Book Emporium.
  5448 | D:5      | Reached skill level 1 in Necromancy
  5492 | D:5      | Reached skill level 1 in Earth Magic
  6017 | D:5      | Gained mutation: You have razor-sharp teeth. [Vine Stalker
                  | growth]
  6017 | D:5      | Reached XP level 8. HP: 40/40 MP: 15/15
  6080 | D:5      | Found a blossoming altar of Fedhas.
  6252 | D:5      | Reached skill level 5 in Poison Magic
  6349 | D:6      | Found a sacrificial altar of Ru.
  6412 | D:6      | Found a large runed translucent door.
  6413 | D:6      | Found a large runed translucent door.
  6523 | D:6      | Reached skill level 5 in Spellcasting
  6642 | D:6      | Reached * piety under Ashenzari
  6652 | D:6      | Found a hide-covered altar of Uskayaw.
  6893 | D:6      | Found a shimmering blue altar of Sif Muna.
  6900 | D:6      | Identified Sif Muna's Incunabulum of Dislocation
  6912 | D:6      | Reached XP level 9. HP: 47/47 MP: 13/19
  7097 | D:6      | Found an ornate altar of the Wu Jian Council.
  7145 | D:6      | Found a glowing silver altar of Zin.
  7450 | D:7      | Found an ancient bone altar of Kikubaaqudgha.
  8041 | D:8      | Noticed Maggie
  8049 | D:7      | Learned a level 4 spell: Olgreb's Toxic Radiance
  8078 | D:8      | Killed Maggie
  8079 | D:8      | Reached skill level 5 in Fighting
  8225 | D:8      | Reached skill level 5 in Dodging
  8225 | D:8      | Reached XP level 10. HP: 53/53 MP: 14/21
  8532 | D:8      | Found a staircase to the Lair.
  8558 | D:8      | Found Kedghaon's Antique Armour Emporium.
  8567 | D:8      | Bought a polished helmet for 256 gold pieces
  8567 | D:8      | Identified the +1 helmet of Jusat {Will+} (You bought it in
                  | a shop on level 8 of the Dungeon)
  8589 | D:8      | Reached ** piety under Ashenzari
  8938 | D:9      | Reached skill level 5 in Necromancy
  8938 | D:9      | Reached skill level 5 in Earth Magic
  9147 | D:9      | Noticed a two-headed ogre
  9161 | D:9      | Killed a two-headed ogre
  9255 | D:9      | Found a bloodstained altar of Trog.
  9539 | D:9      | Noticed a wizard
  9541 | D:9      | Killed a wizard
  9774 | D:10     | Entered Level 10 of the Dungeon
  9780 | D:10     | Reached XP level 11. HP: 43/60 MP: 11/25
 10169 | D:10     | Noticed a centaur warrior
 10184 | D:10     | Killed a centaur warrior
 10465 | D:10     | Found a hazy altar of Hepliaklqana.
 10465 | D:10     | Found a stormy altar of Qazlal.
 11238 | D:11     | Reached *** piety under Ashenzari
 11260 | D:11     | Gained mutation: You are agile. (Dex +2) [potion of
                  | mutation]
 11260 | D:11     | Gained mutation: Your flesh is heat resistant. (rF+)
                  | [potion of mutation]
 11344 | D:11     | Noticed Fannar
 11356 | D:11     | Killed Fannar
 11357 | D:11     | Reached skill level 1 in Shields
 11874 | Lair:1   | Entered Level 1 of the Lair of Beasts
 11964 | Lair:1   | Noticed a six-headed hydra
 12011 | Lair:1   | Reached XP level 12. HP: 11/69 MP: 2/28
 12158 | D:8      | Killed a two-headed hydra
 12680 | Lair:1   | Reached **** piety under Ashenzari
 12771 | Lair:1   | Learned a level 4 spell: Animate Dead
 13566 | Lair:2   | Noticed a six-headed hydra
 13578 | Lair:2   | Killed a six-headed hydra
 13775 | Lair:2   | Reached ***** piety under Ashenzari
 14779 | Lair:3   | Found a staircase to the Snake Pit.
 14993 | Lair:3   | Reached XP level 13. HP: 79/79 MP: 30/33
 15140 | Lair:4   | Reached skill level 1 in Armour
 15154 | Lair:4   | Found a frozen archway.
 15181 | IceCv    | Entered an ice cave
 15285 | IceCv    | Learned a level 4 spell: Summon Lightning Spire
 15437 | IceCv    | Noticed a quicksilver ooze
 15460 | IceCv    | Killed a quicksilver ooze
 15738 | IceCv    | Noticed a quicksilver ooze
 15890 | IceCv    | Killed a quicksilver ooze
 15890 | IceCv    | Slain by an entropy weaver simulacrum

Illustrated notes

Levels and vault maps discovered:
D:1:      roderic_crossed_star, layout_loops_ring, ebering_ecumenical_altar_rust
D:2:      layout_basic
D:3:      layout_loops_corners, mainiacjoe_overflow_small_starburst
D:4:      layout_cave_pools, grunt_temple_overflow_holy_war,
          minmay_temple_entry_proselytizer, minmay_misc_feat_secret_circle,
          uniq_crazy_yiuf_cottage, uniq_robin
D:5:      layout_basic, fedhas_altar_decomposition, serial_shops, shop
D:6:      layout_cave_pools, mainiacjoe_overflow_brackets,
          nicolae_ru_path_of_blood, led_sif_book, jmf_multi_god_temple2
D:7:      layout_cave_pools, tgw_kikubaaqudgha, serial_undead, serial_undead_c,
          serial_undead_e, serial_undead_c, serial_undead_b
D:8:      layout_rooms, lair_entry_dummy, serial_shops, shop, uniq_maggie
D:9:      layout_basic, trog_wizard
D:10:     layout_grid_maze, gammafunk_temple_overflow_elements,
          minmay_fractal_squares_diagonal_5
D:11:     layout_stronghold, uniq_fannar
Lair:1:   layout_hall_layers, chequers_serial_rivers_micro_c,
          serial_bayou_shore_b, infiniplex_staircase_pool_2
Lair:2:   layout_gridlike, serial_bayou_shore_a, grunt_megastairs_5
Lair:3:   layout_gridlike, dummy_snake_entry
Lair:4:   hangedman_what_comes_after_a, layout_gridlike, swamp_mist_pool,
          portal_ice_cave_demonic_guard, serial_bayou_shore_b,
          infiniplex_staircase_pool, lemuel_fruit_tree
IceCv:    ice_cave_hellmonk_azure_passage

Skill      XL: |  1  2  3  4  5  6  7  8  9 10 11 12 13 |
---------------+----------------------------------------+-----
Fighting       | 1 2 3 4 5 6 7 8 |  8.1
Dodging        | 2 3 4 5 6 7 |  7.6
Air Magic      | 1 2 3 |  3.1
Spellcasting   | 3 4 5 6 7 8 9 |  9.2
Poison Magic   | 4 5 6 7 8 9 |  9.5
Necromancy     | 1 3 4 5 7 8 |  8.3
Earth Magic    | 1 3 4 5 6 8 |  8.3
Shields        | 2 3 |  3.4
Armour         | 1 |  1.3
Stealth        | |  2.4
Summonings     | |  0.6
Transmutations | |  1.0

Action                   |  1- 3 |  4- 6 |  7- 9 | 10-12 | 13-15 || total
-------------------------+-------+-------+-------+-------+-------++-------
Melee: Dagger            |    58 |     6 |       |       |       ||    64
       Bite              |    17 |    25 |    91 |    75 |    14 ||   222
       Unarmed           |     2 |       |       |       |       ||     2
       War axe           |       |   130 |   291 |   221 |    46 ||   688
Throw: Throwing net      |       |       |       |       |     2 ||     2
 Cast: Sting             |    23 |    15 |    10 |       |       ||    48
       Poisonous Vapours |       |    34 |    81 |    57 |       ||   172
       Mephitic Cloud    |       |       |     2 |     7 |       ||     9
       Olgreb's Toxic Ra |       |       |     3 |    45 |     2 ||    50
       Borgnjor's Vile C |       |       |       |    36 |    10 ||    46
       Summon Lightning  |       |       |       |       |     4 ||     4
Invok: Curse Item        |       |       |     2 |     7 |       ||     9
Evoke: Wand              |       |       |     3 |     1 |       ||     4
  Use: Scroll            |       |     2 |       |     2 |       ||     4
       Potion            |       |       |       |     1 |     3 ||     4
 Stab: Sleeping          |     4 |     2 |     4 |     1 |     1 ||    12
       Confused          |       |       |       |     3 |       ||     3
Armor: Robe              |    12 |    57 |   155 |       |       ||   224
       Swamp dragon scal |       |       |     5 |   187 |    47 ||   239
Dodge: Dodged            |    54 |   124 |   244 |   280 |    65 ||   767
Block: Buckler           |       |       |       |    60 |    28 ||    88
